 Dungeon Crawl Stone Soup version 0.29-a0-721-g7f417c9bbb (webtiles) character file.

Game seed: 357958382108323416

4 gobodom the Magician (level 1, -2/13 HPs)
             Began as a Demonspawn Hedge Wizard on June 28, 2022.
             Slain by a rat (3 damage)
             ... on level 1 of the Dungeon.
             The game lasted 00:00:38 (176 turns).

gobodom the Magician (Demonspawn Hedge Wizard)       Turns: 176, Time: 00:00:39

Health: -2/13      AC:  2    Str: 10    XL:     1   Next: 50%
Magic:  1/4        EV: 12    Int: 15    God:
Gold:   33         SH:  0    Dex: 12    Spells: 5/6 levels left

rFire   . . .      SeeInvis .   a - +0 dagger
rCold   . . .      Faith    .   (no shield)
rNeg    . . .      Spirit   .   b - +0 robe
rPois   .          Reflect  .   c - +0 hat
rElec   .          Harm     .   (no cloak)
rCorr   .          Rampage  .   (no gloves)
Will    .....                   (no boots)
Stlth   ++........              (no amulet)
HPRegen 0.04/turn               (no ring)
MPRegen 0.09/turn               (no ring)

@: no status effects
A: no striking features
a: no special abilities


You were on level 1 of the Dungeon.
You visited 1 branch of the dungeon, and saw 1 of its levels.

You collected 33 gold pieces.

Inventory:

Hand Weapons
 a - a +0 dagger (weapon)
Armour
 b - a +0 robe (worn)
 c - a +0 hat (worn)
Potions
 d - a potion of magic


   Skills:
 + Level 1.7 Dodging
 + Level 1.7 Stealth
 + Level 3.2 Spellcasting
 + Level 1.1 Conjurations
 + Level 1.0 Summonings
 + Level 0.8 Translocations


You had 5 spell levels left.
You knew the following spells:

 Your Spells              Type           Power      Damage    Failure   Level
a - Magic Dart            Conj           20%        1d4       13%         1

Your spell library contained the following spells:

 Spells                   Type           Power      Damage    Failure   Level
 Slow                     Hex            8%         N/A       21%         1
 Call Imp                 Summ           5%         N/A       21%         2
 Blink                    Tloc           8%         N/A       22%         2
 Conjure Flame            Conj/Fire      4%         6-21      43%         3
 Mephitic Cloud           Conj/Pois/Air  3%         N/A       45%         3


Dungeon Overview and Level Annotations

Branches:
Dungeon (1/15)

Altars:


Message History

An endoplasm comes into view.
The magic dart hits the goblin.
The goblin is moderately wounded.
The goblin shouts!
A rat comes into view.
The magic dart hits the goblin.
You kill the goblin!
The endoplasm quivers.
The magic dart hits the endoplasm but does no damage.
The magic dart hits the endoplasm but does no damage.
A bat comes into view.
A kobold comes into view. It is wielding a +0 dagger.
The bat closely misses you. The bat closely misses you.
You closely miss the bat. The bat barely misses you.
The bat closely misses you. The bat closely misses you.
The endoplasm barely misses you.
You hit the endoplasm.
The endoplasm is lightly wounded.
The bat closely misses you.
The endoplasm hits you but does no damage.
You hit the endoplasm.
The endoplasm is moderately wounded.
The bat hits you. The endoplasm barely misses you.
You hit the endoplasm but do no damage.
The endoplasm is moderately wounded.
The bat hits you. The endoplasm freezes you.
You are frozen.
You hit the endoplasm.
The endoplasm is heavily wounded.
The bat hits you but does no damage. The rat completely misses you.
The endoplasm hits you.
You hit the endoplasm.
The endoplasm is severely wounded.
The endoplasm freezes you.
You are frozen.
* * * LOW HITPOINT WARNING * * *
The rat bites you.
You die...

.......#....................
.......#............≈≈≈≈....
............[.......≈.......
#....##.............#≈≈≈≈....
..........†.####.....#........
.............................#
..............................
......###......b..............
........#.####.@........##....
.............KJr........##....
...>..........................
........................##....
..............................
........#†.##..##>#<#..##.....
........#......###.##.........
#########..##.## #####.##.#..
..........>### ### #..


You could see an endoplasm, a bat, a kobold and a rat.

Vanquished Creatures
  A goblin (D:1)
  A quokka (D:1)
  A ball python (D:1)
  A rat (D:1)
4 creatures vanquished.

Notes
Turn   | Place    | Note
-------+----------+-------------------------------------------
     0 | D:1      | gobodom the Demonspawn Hedge Wizard began the quest for the
                  | Orb.
     0 | D:1      | Reached XP level 1. HP: 13/13 MP: 4/4
   176 | D:1      | Slain by a rat

Illustrated notes

Levels and vault maps discovered:
D:1:      onia_arrival_handbag, layout_basic, minivault_24, st_stairs_3,
          hex_large, minmay_misc_feat_secret_circle, serial_bayou_lagoon_a,
          amcnicky_mini_corridor_feature, chequers_serial_rivers_micro_d

Action                   || total
-------------------------++-------
Melee: Dagger            ||     7
 Cast: Magic Dart        ||    11
Armor: Robe              ||     2
Dodge: Dodged            ||    10

Table legend: (Time is in decaauts)
 A = Elapsed time spent in this place.
 B = Non-inter-level travel time spent in this place.
 C = Inter-level travel time spent in this place.
 D = Time resting spent in this place.
 E = Time spent auto-exploring this place.
 F = Levels seen in this place.
 G = Mean time per level.
                   A        B        C        D        E       F      G
               +--------+--------+--------+--------+--------+-----+--------+
         Total |    176 |    176 |      0 |      0 |    133 |   1 |  176.0 |
       Dungeon |    176 |    176 |      0 |      0 |    133 |   1 |  176.0 |
               +--------+--------+--------+--------+--------+-----+--------+

Top non-repeatable levels by time:
     D:1: 176 daAuts
